 Dungeon Crawl Stone Soup version 0.20.0 (webtiles) character file.

172 MatthieuS the Poker (level 5, -1/47 HPs)
             Began as a Minotaur Monk on June 5, 2017.
             Slain by an orc
             ... wielding a +2 hand axe of electrocution
              (17 damage)
             ... on level 3 of the Dungeon.
             The game lasted 00:05:18 (2118 turns).

MatthieuS the Poker (Minotaur Monk)                 Turns: 2118, Time: 00:05:19

Health: -1/47      AC: 11    Str: 17    XL:     5   Next: 27%
Magic:  4/4        EV:  6    Int:  7    God:
Gold:   176        SH:  0    Dex: 12    Spells: 4/4 levels left

rFire    . . .     SeeInvis .   a - +0 spear
rCold    . . .     Gourm    .   (no shield)
rNeg     . . .     Faith    .   i - +0 plate armour
rPois    .         Spirit   .   (helmet restricted)
rElec    .         Reflect  .   k - +0 cloak
rCorr    .         Harm     .   (no gloves)
MR       .....                  (no boots)
Stlth    ..........             (no amulet)
Regen    0.2/turn               (no ring)
MPRegen  0.1/turn               (no ring)

@: no status effects
A: retaliatory headbutt, horns 2
a: no special abilities


You were on level 3 of the Dungeon.
You were not hungry.

You visited 1 branch of the dungeon, and saw 3 of its levels.

You collected 176 gold pieces.

Inventory:

Hand Weapons
 a - a +0 spear (weapon)
 w - a +0 blowgun
Missiles
 b - a throwing net (quivered)
 d - 17 poisoned needles
Armour
 i - a +0 plate armour (worn)
 k - a +0 cloak (worn)
Wands
 o - a wand of polymorph (13/24)
Scrolls
 e - 3 scrolls of remove curse
 h - 4 scrolls of fog {unknown}
 m - 2 scrolls of fear {unknown}
Potions
 f - a potion of curing
 g - 2 potions of heal wounds {unknown}
 j - a potion of haste {unknown}
Comestibles
 c - 2 bread rations
 n - a royal jelly
 p - a chunk of flesh


   Skills:
 + Level 4.6 Fighting
 + Level 5.5 Polearms
 + Level 2.0 Armour
 + Level 4.0 Dodging
 + Level 1.6 Stealth


You had 4 spell levels left.
You didn't know any spells.

Dungeon Overview and Level Annotations

Branches:
Dungeon (3/15)

Altars:


Innate Abilities, Weirdness & Mutations

You reflexively headbutt those who attack you in melee.
You have a pair of horns on your head.


Message History

The orc is heavily wounded.
The orc hits you but does no damage.
You hit the orc.
The orc is severely wounded.
The orc closely misses you. You furiously retaliate!
You headbutt the orc, but do no damage.
Your plate armour prevents you from hitting the orc.
The orc is severely wounded.
The orc hits you with a whip.
You are too injured to fight recklessly!
You are too injured to fight recklessly!
You hit the orc but do no damage.
The orc is severely wounded.
The orc closely misses you.
You hit the orc.
You kill the orc!
The orc priest looks satisfied for a moment.
The orc hits you with a hand axe of electrocution.
You are electrocuted!
You die...

#.......# ## ##
#.####..# #. .. #.#
#..# #. .# #.# #..#
#. .# #.# #..# #.
.# #.#
#..######.##.#.###.
#.#
#........>.........
#.#
##.#######)#.#.##..
#.# #......@oo#o..
#.#
#########.#.....
####.# #.#..###..
.....# ..#... .
###### #.#...#
#.#.... #.# #.#


You could see an orc priest and an orc.

Vanquished Creatures
  The ghost of YTcomUltraviolent4 the Skirmisher, a weakling HuWn of the Shining One (D:3)
  Robin (D:3)
  3 adders (D:2)
  An ooze (D:2)
  3 worms
  2 dart slugs
  A leopard gecko (D:1)
  2 orcs (D:3)
  2 bats
  A giant cockroach (D:1)
  14 goblins
  12 hobgoblins
  7 jackals
  A ball python (D:1)
  4 frilled lizards
  9 kobolds
  8 rats
72 creatures vanquished.

Notes
Turn   | Place    | Note
-------+----------+-------------------------------------------
     0 | D:1      | MatthieuS the Minotaur Monk began the quest for the Orb.
     0 | D:1      | Reached XP level 1. HP: 19/19 MP: 0/0
   245 | D:1      | Reached XP level 2. HP: 26/27 MP: 1/1
   265 | D:1      | Reached skill level 4 in Polearms
   609 | D:1      | Reached XP level 3. HP: 32/33 MP: 2/2
  1102 | D:2      | Reached skill level 1 in Armour
  1110 | D:2      | Reached XP level 4. HP: 34/40 MP: 3/3
  1643 | D:2      | Reached skill level 5 in Polearms
  1770 | D:3      | Noticed Robin
  1809 | D:3      | Killed Robin
  1842 | D:3      | Noticed YTcomUltraviolent4's ghost (weakling HuWn)
  1865 | D:3      | Killed YTcomUltraviolent4's ghost
  1865 | D:3      | Reached XP level 5. HP: 42/47 MP: 4/4
  2118 | D:3      | Slain by an orc

Skill      XL: |  1  2  3  4  5 |
---------------+----------------+-----
Polearms       | 4 5 |  5.5
Fighting       | 4 |  4.6
Armour         | 1 2 |  2.0
Dodging        | 4 |  4.0
Stealth        | |  1.6

Action                   |  1- 3 |  4- 6 || total
-------------------------+-------+-------++-------
Melee: Spear             |   134 |   130 ||   264
       Headbutt          |    17 |    13 ||    30
  Use: Potion            |       |     2 ||     2
       Scroll            |       |     1 ||     1
  Eat: Chunk             |     1 |     3 ||     4
Armor: Plate armour      |    63 |    59 ||   122
Dodge: Dodged            |    19 |    25 ||    44
